 Dungeon Crawl Stone Soup version 0.26-a0-519-gb2f46efeda (webtiles) character file.

Game seed: 10981435739774660494

30493 BeastOfSaturn the Protected (level 13, -10/101 HPs)
             Began as a Demonspawn Venom Mage on Aug 10, 2020.
             Was an Elder of Ashenzari.
             Mangled by an entropy weaver (12 damage)
             ... on level 4 of the Lair of Beasts.
             The game lasted 00:58:01 (23924 turns).

BeastOfSaturn the Protected (DsVM)                 Turns: 23924, Time: 00:58:02

Health: -10/101    AC:  6    Str: 22    XL:     13   Next: 20%
Magic:  5/26       EV: 13    Int: 17    God:    Ashenzari [****..]
Gold:   1129       SH:  5    Dex: 14    Spells: 19/30 levels left

rFire    + . .     SeeInvis +   f - +1 broad axe (flame)
rCold    + . .     Faith    .   (no shield)
rNeg     + . .     Spirit   .   E - +3 ring mail "Olodde" {rN+} (curse)
rPois    .         Reflect  +   C - +2 hat {MR+} (curse)
rElec    .         Harm     .   P - scarf {rC+ rF+}
rCorr    .         Clarity  +   l - +2 pair of gloves {Str+3} (curse)
MR       ++...                  (boots unavailable)
Stlth    +.........             Z - amulet of reflection
HPRegen  0.26/turn              K - ring of protection from magic
MPRegen  0.20/turn              U - +6 ring of strength

@: marked, corroded
A: talons 3, iridescent scales 1, demonic guardian 2
a: Curse Item, Scrying, Renounce Religion


You were on level 4 of the Lair of Beasts.
You worshipped Ashenzari.
Ashenzari was greatly pleased with you.
You visited 2 branches of the dungeon, and saw 15 of its levels.
You also visited: Sewer and Volcano.

You collected 1129 gold pieces.

Inventory:

Hand Weapons
 f - a +1 broad axe of flaming (weapon)
Armour
 l - a cursed +2 pair of gloves of strength (worn)
 C - a cursed +2 hat of magic resistance (worn)
 E - the cursed +3 ring mail "Olodde" (worn) {rN+}
   (You found it on level 5 of the Dungeon)

   It protects you from negative energy.
   It has a curse placed upon it.
 J - +1 acid dragon scales
 P - a scarf of resistance (worn)
Jewellery
 c - an uncursed ring of flight
 o - a cursed +6 ring of intelligence
 K - a ring of protection from magic (left hand)
 U - a +6 ring of strength (right hand)
 X - an uncursed ring of protection from cold
 Z - an amulet of reflection (around neck)
Wands
 p - a wand of disintegration (28)
 s - a wand of digging (10)
 x - a wand of iceblast (26)
 B - a wand of flame (12)
 H - a wand of acid (13)
 L - a wand of random effects (28)
 Q - a wand of paralysis (9)
 W - a wand of enslavement (7)
Scrolls
 t - 7 scrolls of identify
 v - 16 scrolls of teleportation
 y - 3 scrolls of enchant weapon
 A - 3 scrolls of fear
 D - 2 scrolls of amnesia
 F - 4 scrolls of fog
 I - 6 scrolls of enchant armour
 M - 2 scrolls of remove curse
 R - 2 scrolls of magic mapping
Potions
 a - a potion of might
 d - 6 potions of berserk rage {unknown}
 e - 3 potions of magic
 h - 5 potions of brilliance
 m - 2 potions of cancellation {unknown}
 n - 3 potions of haste
 q - 9 potions of curing
 r - 8 potions of stabbing
 u - 2 potions of flight
 w - 4 potions of degeneration
 z - 2 potions of resistance {unknown}
 G - a potion of lignification {unknown}
 O - 3 potions of invisibility
 V - 2 potions of ambrosia
Miscellaneous
 S - a lightning rod (4/4)


   Skills:
 - Level 9.0 Fighting
 * Level 7.6 Axes
 * Level 11.7(13.7) Armour
 - Level 2.0(3.7) Dodging
 - Level 1.7 Stealth
 - Level 9.0 Spellcasting
 - Level 0.4 Conjurations
 - Level 0.8 Transmutations
 - Level 1.0 Fire Magic
 - Level 1.0 Air Magic
 - Level 9.0 Poison Magic
 * Level 6.3 Evocations


You had 19 spell levels left.
You knew the following spells:

 Your Spells              Type           Power        Failure   Level
a - Sting                 Tmut/Pois      ###.         1%          1
b - Mephitic Cloud        Conj/Pois/Air  ###.....     10%         3
c - Olgreb's Toxic Radia  Pois           #####...     3%          4
d - Ignite Poison         Fire/Tmut/Pois ###.....     9%          3

Your spell library contained the following spells:

 Spells                   Type           Power        Failure   Level
 Poisonous Vapours        Pois/Air       ###...       2%          2
 Confusing Touch          Hex            #.......     36%         3
 Gell's Gravitas          Tloc           #.........   36%         3
 Petrify                  Tmut/Erth      #.......     73%         4
 Cause Fear               Hex            #.........   78%         4
 Silence                  Hex/Air        #.........   96%         5
 Yara's Violent Unravell  Hex/Tmut       #.........   97%         5
 Metabolic Englaciation   Hex/Ice        #.........   98%         5
 Summon Demon             Summ           #.........   98%         5
 Summon Forest            Summ/Tloc      #.........   98%         5
 Summon Mana Viper        Hex/Summ       #.......     98%         5
 Shadow Creatures         Summ           N/A          100%        6
 Summon Hydra             Summ           #.........   100%        7
 Discord                  Hex            #.........   100%        8


Dungeon Overview and Level Annotations

Branches:
Dungeon (10/15)            Temple (0/1) D:4            Lair (5/6) D:10
  Swamp (0/4) Lair:3       Spider (0/4) Lair:2        Slime (0/5) Lair:5
  Sewer (visited)         Volcano (visited)
    Orc: D:9-12

Altars:
Ashenzari
Fedhas
Hepliaklqana
Sif Muna
Uskayaw
Wu Jian
Jiyva

Annotations:
Lair:5 1 runed translucent door


Innate Abilities, Weirdness & Mutations

You have claws for feet.
You are partially covered in iridescent scales. (AC +2)
A demonic guardian rushes to your aid.


Message History

The entropy weaver appears confused.
The entropy weaver looks very confused.
The entropy weaver hits your soul eater but does no damage. x3
The entropy weaver hits your soul eater.
The entropy weaver is engulfed in noxious fumes.
The entropy weaver appears confused.
Your soul eater hits the entropy weaver but does no damage.
The entropy weaver is engulfed in noxious fumes.
You catch the helpless entropy weaver completely off-guard!
You slash the entropy weaver! You burn the entropy weaver.
You claw the entropy weaver, but do no damage.
The entropy weaver is almost dead.
Your soul eater barely misses the entropy weaver.
The entropy weaver cries.
The entropy weaver closely misses you. The entropy weaver hits you!
* * * LOW HITPOINT WARNING * * *
The entropy weaver hits you!
* * * LOW HITPOINT WARNING * * *
The entropy weaver hits you!
You die...

##.##### ###
#....#.####### #.### #
#.....##.#...#####.P.###
#..............P#..P.##.
#.......................
#.................†.>...
#.......(..........>....
#.......................
#......@a3.......>......
#.......°○..............
#.......○°..............
#...................P..#
#.......##...#..########
#..############## # ####
#


You could see an entropy weaver (confused, poisoned, drained) and a friendly
soul eater (summoned).

Vanquished Creatures
  Erolcha (D:10)
  A hydra (Lair:1)
  6 two-headed ogres
  An ogre mage (Volcano)
  A queen ant (Lair:5)
  A death yak (Lair:5)
  Pikel (D:6)
  An oklob plant (Lair:3)
  A centaur zombie (D:10)
  Joseph (D:7)
  A black mamba (Lair:4)
  5 cane toads
  Maggie (D:7)
  A rime drake (Lair:1)
  4 komodo dragons
  3 jumping spiders (Lair:2)
  A troll (D:10)
  Grinder (D:5)
  4 blink frogs
  Prince Ribbit (Lair:1)
  6 hippogriffs
  3 redbacks (Lair:2)
  A wyvern (Lair:3)
  7 yaks
  A basilisk (Lair:3)
  Grum (D:10)
  4 vampire mosquitoes (Lair:3)
  Edmund (D:6)
  2 wargs (D:10)
  6 soldier ants
  A water moccasin (Lair:3)
  Duvessa (D:5)
  2 ice beasts
  6 porcupines
  A sky beast (D:6)
  2 black bears
  4 orc warriors
  A phantom (D:4)
  An eye of draining (D:6)
  3 centaurs
  5 wolves
  3 ogres
  2 lemures (D:6)
  8 crocodiles
  2 big kobolds (Sewer)
  3 bullfrogs
  3 gnoll sergeants (D:10)
  A wyvern skeleton (D:10)
  6 killer bees (D:8)
  3 wights
  An electric eel (D:10)
  14 hounds
  2 jellies (D:10)
  A centaur skeleton (D:10)
  9 orc priests
  2 bullfrog skeletons (D:10)
  2 gnoll shamans
  17 orc wizards
  Ijyb (D:4)
  3 iguanas
  11 worker ants
  A killer bee zombie (D:5)
  25 gnolls
  12 adders
  A howler monkey skeleton (D:4)
  2 river rats (D:4)
  2 shadow imps
  3 white imps
  An ufetubus (D:5)
  3 oozes
  2 adder skeletons
  3 worms (D:2)
  2 dart slugs
  2 leopard geckos
  32 orcs
  12 bats
  10 giant cockroaches
  8 goblins
  7 hobgoblins
  11 jackals
  6 quokkas
  4 ball pythons
  A ball python skeleton (D:5)
  8 frilled lizards
  A jackal skeleton (D:5)
  18 kobolds
  2 quokka skeletons
  13 rats
  3 fungi
  A plant (D:8)
386 creatures vanquished.

Vanquished Creatures (collateral kills)
  Gastronok (Lair:2)
  Josephine (D:10)
  A two-headed ogre (Volcano)
  4 death yaks (Lair:5)
  Nergalle (Lair:2)
  A hell knight (Volcano)
  An unseen horror (D:10)
  2 oklob plants
  A black mamba (Lair:5)
  A centaur skeleton (D:10)
  A jumping spider (Lair:2)
  4 blink frogs
  6 yaks
  4 wraiths (D:10)
  A vampire mosquito (Lair:3)
  A warg (D:10)
  2 soldier ants (Lair:5)
  A water moccasin (D:7)
  An ice beast (D:10)
  A sky beast (D:6)
  A phantom (D:6)
  3 bullfrogs
  Dowan (D:5)
  A gnoll shaman (D:10)
  2 orc priests (D:6)
  A howler monkey zombie (D:10)
  An adder (D:6)
  3 gnolls
  A giant cockroach (D:7)
  A leopard gecko skeleton (D:4)
  A quokka skeleton (D:10)
  A fungus (D:8)
  A plant (D:8)
54 creatures vanquished.

Vanquished Creatures (others)
  A sky beast (D:7)
  An adder (D:6)
  A plant (Lair:3)
3 creatures vanquished.

Grand Total: 443 creatures vanquished

Notes
Turn   | Place    | Note
-------+----------+-------------------------------------------
     0 | D:1      | BeastOfSaturn the Demonspawn Venom Mage began the quest for
                  | the Orb.
     0 | D:1      | Reached XP level 1. HP: 13/13 MP: 3/3
   294 | D:1      | Gained mutation: You have sharp toenails. [demonic
                  | ancestry]
   294 | D:1      | Reached XP level 2. HP: 19/19 MP: 0/5
   733 | D:1      | Reached XP level 3. HP: 24/24 MP: 2/6
   738 | D:1      | Learned a level 3 spell: Mephitic Cloud
  1644 | D:2      | Gained mutation: You have razor-sharp toenails. [demonic
                  | ancestry]
  1644 | D:2      | Reached XP level 4. HP: 26/30 MP: 4/8
  1953 | D:2      | Found a shattered altar of Ashenzari.
  1967 | D:2      | Became a worshipper of Ashenzari the Shackled
  2600 | D:3      | Learned a level 4 spell: Olgreb's Toxic Radiance
  2977 | D:3      | Reached XP level 5. HP: 35/35 MP: 6/10
  3257 | D:4      | Reached skill level 1 in Armour
  3548 | D:4      | Found a glowing drain.
  3601 | Sewer    | Entered a sewer
  3803 | Sewer    | Reached skill level 2 in Armour
  3812 | Sewer    | Gained mutation: A weak demonic guardian rushes to your
                  | aid. [demonic ancestry]
  3812 | Sewer    | Reached XP level 6. HP: 28/41 MP: 3/12
  4360 | D:4      | Reached skill level 5 in Poison Magic
  4531 | D:4      | Found a staircase to the Ecumenical Temple.
  4553 | D:4      | Reached skill level 3 in Armour
  4674 | D:4      | Gained mutation: You have claws for feet. [demonic
                  | ancestry]
  4674 | D:4      | Reached XP level 7. HP: 28/46 MP: 9/13
  5111 | D:4      | Noticed Ijyb
  5121 | D:4      | Killed Ijyb
  5542 | D:4      | Found a shimmering blue altar of Sif Muna.
  5581 | D:5      | Entered Level 5 of the Dungeon
  5690 | D:5      | Found a hide-covered altar of Uskayaw.
  5719 | D:5      | Noticed Grinder
  5721 | D:5      | Reached * piety under Ashenzari
  5735 | D:5      | Killed Grinder
  5735 | D:5      | Reached skill level 4 in Armour
  5735 | D:5      | Reached skill level 5 in Spellcasting
  5994 | D:5      | Noticed Duvessa
  5994 | D:5      | Noticed Dowan
  5999 | D:5      | Killed Dowan
  6028 | D:5      | Killed Duvessa
  6253 | D:5      | Identified the +3 ring mail "Olodde" {rN+}
  6340 | D:5      | Reached XP level 8. HP: 34/52 MP: 16/16
  7140 | D:6      | HP: 1/52 [orc warrior/+0 hand axe (16)]
  7570 | D:6      | Reached skill level 5 in Armour
  8305 | D:6      | Noticed Pikel
  8320 | D:6      | Killed Pikel
  8320 | D:6      | Reached skill level 6 in Armour
  8320 | D:6      | Reached XP level 9. HP: 32/57 MP: 16/19
  8458 | D:6      | Noticed Edmund
  8469 | D:6      | Killed Edmund
  8897 | D:7      | Noticed Maggie
  9216 | D:7      | Killed Maggie
  9519 | D:7      | Noticed Joseph
  9816 | D:7      | Killed Joseph
  9893 | D:7      | Reached skill level 7 in Armour
 10102 | D:7      | Found a hazy altar of Hepliaklqana.
 10220 | D:7      | Learned a level 3 spell: Ignite Poison
 10641 | D:8      | Gained mutation: A demonic guardian rushes to your aid.
                  | [demonic ancestry]
 10641 | D:8      | Reached XP level 10. HP: 51/64 MP: 10/22
 10942 | D:8      | Reached skill level 1 in Fighting
 11713 | D:8      | Found a blossoming altar of Fedhas.
 11725 | D:8      | Noticed an oklob plant
 11771 | D:8      | Killed an oklob plant
 11771 | D:8      | Reached skill level 1 in Air Magic
 11968 | D:9      | Reached ** piety under Ashenzari
 12799 | D:10     | Entered Level 10 of the Dungeon
 12985 | D:10     | Reached skill level 1 in Evocations
 13233 | D:10     | Noticed Erolcha
 13242 | D:10     | Killed Erolcha
 13242 | D:10     | Reached skill level 8 in Armour
 13242 | D:10     | Reached skill level 1 in Fire Magic
 13249 | D:10     | Noticed an unseen horror
 13268 | D:10     | Killed an unseen horror
 13380 | D:10     | Reached skill level 5 in Fighting
 13665 | D:10     | Reached XP level 11. HP: 15/79 MP: 22/24
 14121 | D:10     | Found a staircase to the Lair.
 14144 | D:10     | Noticed Josephine
 14152 | D:10     | Killed Josephine
 14235 | D:10     | Noticed Grum
 14250 | D:10     | Killed Grum
 14447 | D:10     | Noticed a two-headed ogre
 14459 | D:10     | Killed a two-headed ogre
 14643 | D:10     | Reached skill level 9 in Armour
 16077 | Lair:1   | Entered Level 1 of the Lair of Beasts
 16313 | Lair:1   | Noticed Prince Ribbit
 16326 | Lair:1   | Killed Prince Ribbit
 16571 | Lair:1   | Reached *** piety under Ashenzari
 16937 | Lair:1   | Noticed a five-headed hydra
 16944 | Lair:1   | Killed a five-headed hydra
 16944 | Lair:1   | Reached skill level 10 in Armour
 17670 | Lair:2   | Found a dark tunnel.
 17815 | Volcano  | Entered a volcano
 17834 | Volcano  | Noticed an ogre mage
 17838 | Volcano  | Found a burning altar of Makhleb.
 17842 | Volcano  | Noticed a hell knight
 17843 | Volcano  | Noticed a two-headed ogre
 17845 | Volcano  | Noticed a two-headed ogre
 17845 | Volcano  | Noticed a two-headed ogre
 17845 | Volcano  | Killed an ogre mage
 17848 | Volcano  | Killed a two-headed ogre
 17848 | Volcano  | Reached XP level 12. HP: 50/94 MP: 8/25
 17973 | Volcano  | Noticed a two-headed ogre
 17975 | Volcano  | Noticed a two-headed ogre
 17976 | Volcano  | Killed a two-headed ogre
 17979 | Volcano  | Noticed a two-headed ogre
 17987 | Volcano  | Killed a two-headed ogre
 17994 | Volcano  | Killed a two-headed ogre
 17997 | Volcano  | Killed a two-headed ogre
 17997 | Volcano  | Reached skill level 5 in Evocations
 17997 | Volcano  | Killed a two-headed ogre
 18248 | Lair:2   | Noticed Nergalle
 18262 | Lair:2   | Killed Nergalle
 18516 | Lair:2   | Found an ornate altar of the Wu Jian Council.
 18567 | Lair:2   | Reached skill level 11 in Armour
 18763 | Lair:2   | Reached skill level 1 in Axes
 19080 | Lair:2   | Noticed Gastronok
 19092 | Lair:2   | Killed Gastronok
 19167 | Lair:2   | Found a hole to the Spider Nest.
 20506 | Lair:3   | Reached **** piety under Ashenzari
 21125 | Lair:3   | Reached skill level 5 in Axes
 21461 | Lair:3   | Found a staircase to the Swamp.
 22065 | Lair:4   | HP: 4/95 [poisoned by a cane toad]
 22071 | Lair:4   | HP: 4/95 [poisoned by a cane toad]
 22079 | Lair:4   | HP: 4/95 [poisoned by a cane toad]
 23062 | Lair:4   | Identified a scroll of acquirement
 23062 | Lair:4   | Acquired a cursed +2 pair of gloves of strength
 23210 | Lair:5   | Noticed a death yak
 23210 | Lair:5   | Noticed a death yak
 23211 | Lair:5   | Noticed a death yak
 23212 | Lair:5   | Noticed a death yak
 23214 | Lair:5   | Noticed a death yak
 23219 | Lair:5   | Killed a death yak
 23222 | Lair:5   | Killed a death yak
 23225 | Lair:5   | Killed a death yak
 23225 | Lair:5   | Gained mutation: You are partially covered in iridescent
                  | scales. (AC +2) [demonic ancestry]
 23225 | Lair:5   | Reached XP level 13. HP: 58/101 MP: 16/26
 23753 | Lair:5   | Found a runed translucent door.
 23753 | Lair:5   | Found a viscous altar of Jiyva.
 23753 | Lair:5   | Found a staircase to the Slime Pits.
 23753 | Lair:5   | Noticed an acid blob
 23892 | Lair:5   | Noticed an entropy weaver
 23902 | Lair:4   | HP: 5/101 [entropy weaver (9)]
 23924 | Lair:4   | HP: 2/101 [entropy weaver (7)]
 23924 | Lair:4   | Mangled by an entropy weaver

Illustrated notes

Levels and vault maps discovered:
D:1:      enne_arrival_octagon_isle, layout_basic
D:2:      minmay_kobold_bridge, layout_basic, lemuel_crystal_altar
D:3:      layout_rooms, chequers_serial_rivers_micro_b, minivault_11,
          amethyst_killhole
D:4:      layout_layer_cave, kennysheep_mini, minmay_temple_entry_waves,
          portal_sewer_entry_e, kennysheep_generic_room_14, uniq_ijyb
D:5:      layout_gridville, eat_drink_and_be_merry_uskayaw,
          kennysheep_generic_room_4, uniq_duvessa, uniq_grinder
D:6:      layout_basic, uniq_edmund, uniq_pikel
D:7:      layout_gridville, lemuel_coloured_pillars_altar, uniq_joseph,
          uniq_maggie
D:8:      layout_loops_ring, tgw_fedhas
D:9:      layout_irregular_city, grunt_ministairs_14
D:10:     layout_cave_pools, erik_lair_orcish_takeover, serial_gnoll_camp,
          gnoll_camp_mini_loothouse, gnoll_camp_mini_house, grums_kennel,
          gnoll_camp_huts_basic, gnoll_camp_mini_basic, kennysheep_diamond,
          minmay_checkerbox, uniq_erolcha, uniq_josephine
Lair:1:   layout_gridlike, st_stairs_5, lemuel_another_geyser,
          uniq_prince_ribbit2
Lair:2:   layout_cave_pods, nicolae_spider_entry_tight_spaces, basic_altar,
          nicolae_volcano_entry_lava_flow, uniq_gastronok, uniq_nergalle
Lair:3:   layout_gridlike, minmay_swamp_entry_swarm, grunt_megastairs_2,
          minmay_lair_oklob_chamber, lemuel_fruit_tree
Lair:4:   layout_hall_layers
Lair:5:   layout_big_grid, slime_altar_2, columned_hall_lemuel,
          zaba_antful_of_joy

Skill      XL: |  1  2  3  4  5  6  7  8  9 10 11 12 13 |
---------------+----------------------------------------+-----
Dodging        | 2 |  2.0
Poison Magic   | 4 5 6 7 8 9 |  9.0
Spellcasting   | 3 4 5 7 8 9 |  9.0
Armour         | 2 3 4 6 7 8 10 11 | 11.7
Fighting       | 5 8 9 |  9.0
Air Magic      | 1 |  1.0
Evocations     | 3 4 6 |  6.3
Fire Magic     | 1 |  1.0
Axes           | 6 7 |  7.6
Stealth        | |  1.7
Conjurations   | |  0.4
Transmutations | |  0.8

Action                   |  1- 3 |  4- 6 |  7- 9 | 10-12 | 13-15 || total
-------------------------+-------+-------+-------+-------+-------++-------
Melee: Unarmed           |    14 |       |       |       |       ||    14
       Kick              |     6 |    37 |    63 |   211 |    17 ||   334
       Great mace        |     8 |    54 |       |       |       ||    62
       Whip              |       |   168 |   277 |   440 |       ||   885
       Broad axe         |       |       |       |   158 |    46 ||   204
 Cast: Sting             |    71 |    52 |    38 |     7 |       ||   168
       Olgreb's Toxic Ra |       |       |    17 |    71 |     7 ||    95
       Mephitic Cloud    |       |       |     8 |     4 |     2 ||    14
       Ignite Poison     |       |       |       |    12 |       ||    12
Invok: Curse Item        |       |     1 |     2 |     2 |       ||     5
Evoke: Wand              |       |       |       |     2 |       ||     2
  Use: Scroll            |       |     6 |     1 |    20 |       ||    27
       Potion            |       |       |     2 |     4 |     2 ||     8
 Stab: Sleeping          |       |     1 |     2 |       |       ||     3
       Distracted        |       |       |     2 |     3 |       ||     5
       Confused          |       |       |     4 |       |     1 ||     5
Armor: Robe              |     3 |       |       |       |       ||     3
       Ring mail         |    13 |   170 |   124 |   293 |    44 ||   644
Dodge: Dodged            |    42 |   204 |   153 |   396 |    40 ||   835
Block: Other             |       |       |       |    61 |    21 ||    82

Table legend: (Time is in decaauts)
 A = Elapsed time spent in this place.
 B = Non-inter-level travel time spent in this place.
 C = Inter-level travel time spent in this place.
 D = Time resting spent in this place.
 E = Time spent auto-exploring this place.
 F = Levels seen in this place.
 G = Mean time per level.
                   A        B        C        D        E       F      G
               +--------+--------+--------+--------+--------+-----+--------+
         Total |  24199 |  23694 |    505 |   5956 |  13719 |  17 | 1423.5 |
       Dungeon |  15673 |  15357 |    316 |   4168 |   8417 |  10 | 1567.3 |
          Lair |   7511 |   7323 |    188 |   1538 |   4942 |   5 | 1502.2 |
         Sewer |    587 |    587 |      0 |     89 |    233 |   1 |  587.0 |
       Volcano |    426 |    426 |      0 |    161 |    125 |   1 |  426.0 |
               +--------+--------+--------+--------+--------+-----+--------+

Top non-repeatable levels by time:
    D:10: 2794 daAuts
     D:6: 2361 daAuts
  Lair:3: 2046 daAuts
  Lair:2: 1663 daAuts
  Lair:1: 1540 daAuts
     D:2: 1538 daAuts
     D:4: 1536 daAuts
  Lair:4: 1525 daAuts
     D:9: 1477 daAuts
     D:7: 1415 daAuts
     D:5: 1276 daAuts
     D:8: 1253 daAuts
     D:1: 1069 daAuts
     D:3: 951 daAuts
  Lair:5: 736 daAuts
